 Dungeon Crawl Stone Soup version 0.31-a0-259-g771a54c (webtiles) character file.

Game seed: 16093812084581915544

4549 Dawnplanks the Zephyrmancer (level 10, -2/52 HPs)
             Began as a Tengu Air Elementalist on July 13, 2023.
             Slain by a boulder beetle (18 damage)
             ... on level 8 of the Dungeon.
             The game lasted 00:21:12 (8694 turns).

Dawnplanks the Zephyrmancer (TeAE)                  Turns: 8694, Time: 00:21:13

Health: -2/52      AC:  2    Str:  8    XL:     10   Next: 40%
Magic:  11/24      EV: 16    Int: 26    God:
Gold:   151        SH:  0    Dex: 15    Spells: 17/27 levels left

rFire   . . .        y - staff of air
rCold   + + .        (no shield)
rNeg    . . .        c - +0 robe "Fixa Lit" {Rampage rC++}
rPois   .            (helmet restricted)
rElec   +            (no cloak)
rCorr   .            (no gloves)
SInv    .            (boots unavailable)
Will    +....        (no amulet)
Stlth   ++           l - ring of willpower
HPRegen 0.28/turn    z - +6 ring of intelligence
MPRegen 0.19/turn

%: rampage
@: attractive, flying quickly and evasively, quick
A: beak, talons 3, nimble flight
a: no special abilities


You were on level 8 of the Dungeon.
You visited 2 branches of the dungeon, and saw 9 of its levels.

You collected 327 gold pieces.
You spent 176 gold pieces at shops.

Inventory:

Armour
 c - the +0 robe "Fixa Lit" (worn) {Rampage rC++}
   (You bought it in a shop on level 6 of the Dungeon)

   rC:        It greatly protects you from cold.
   Rampage:   It bestows one free step when moving towards enemies.
 w - a +2 leather armour of fire resistance
Magical Staves
 s - a staff of fire
 t - a staff of poison
 y - a staff of air (weapon)
Jewellery
 l - a ring of willpower (left hand)
 z - a +6 ring of intelligence (right hand)
 B - the ring "Jafol" {Dex+2 SInv}
   (You found it on level 8 of the Dungeon)

   [ring of see invisible]

   Dex:       It affects your dexterity (+2).
   SInv:      It lets you see invisible.
Wands
 v - a wand of paralysis (2)
 C - a wand of light (9)
Scrolls
 a - 2 scrolls of enchant armour {unknown}
 b - 2 scrolls of enchant weapon {unknown}
 h - 4 scrolls of fear
 j - 2 scrolls of noise {unknown}
 k - 3 scrolls of revelation
 m - 2 scrolls of poison
 o - 3 scrolls of identify {unknown}
 p - 2 scrolls of teleportation {unknown}
 q - a scroll of vulnerability {unknown}
Potions
 d - a potion of resistance {unknown}
 e - 2 potions of degeneration {unknown}
 f - 4 potions of haste {unknown}
 g - a potion of ambrosia {unknown}
 i - 2 potions of curing {unknown}
 n - 5 potions of attraction
 r - a potion of brilliance {unknown}
 u - a potion of enlightenment {unknown}
 x - 2 potions of might {unknown}
 A - a potion of lignification {unknown}
 D - a potion of mutation {unknown}


   Skills:
 + Level 1.4 Fighting
 + Level 0.3 Staves
 + Level 3.7 Dodging
 - Level 2.0 Stealth
 + Level 9.4 Spellcasting
 + Level 6.9 Conjurations
 + Level 12.5 Air Magic


You had 17 spell levels left.
You knew the following spells:

 Your Spells              Type           Power      Damage    Failure   Level
a - Shock                 Conj/Air       100%       1d9       1%          1
b - Static Discharge      Conj/Air       100%       2-7/arc   1%          2
c - Swiftness             Air            86%        N/A       1%          3
d - Airstrike             Air            43%        2d(7-23)  1%          4

Your spell library contained the following spells:

 Spells                   Type           Power      Damage    Failure   Level
 Stone Arrow              Conj/Erth      60%        3d10      3%          3
 Sandblast                Erth           24%        2d8       4%          1
 Passwall                 Tmut/Erth      10%        N/A       8%          2
 Sublimation of Blood     Necr           12%        N/A       8%          2
 Irradiate                Conj/Tmut      15%        3d16      32%         5
 Petrify                  Tmut/Erth      12%        N/A       43%         4


Dungeon Overview and Level Annotations

Branches:
Dungeon (8/15)             Temple (1/1) D:6
   Lair: D:8-11

Altars:
Ashenzari
Cheibriados
Dithmenos
Fedhas
Gozag
Hepliaklqana
Kikubaaqudgha
Makhleb
Nemelex Xobeh
Okawaru
Qazlal
Ru
Trog
Wu Jian
The Shining One

Shops:
D:4 (   D:6 [

Annotations:
D:4 3 runed translucent doors, centralandcovert's ghost, amateur TeRe
D:7 2 transporters, Mango's ghost, novice FoFi


Innate Abilities, Weirdness & Mutations

You have a beak for a mouth.
You have claws for feet.
Your magical nature lets you fly swiftly and evasively.


Message History

The bolt of light hits the yak!
The yak is heavily wounded.
The yak is blinded.
You kill the bullfrog!
Casting: Shock (safe; 1% risk of failure)
Confirm with . or Enter, or press ? or * to list all spells.
Aiming: Shock (safe; 1% risk of failure)
Press: ? - help, Shift-Dir - straight line, f/p - yak
Aim: a yak (heavily wounded, wandering, blind, hasn't noticed you, 84% to hit)
You feel a surge of power!
The zap hits the yak!
The yak is severely wounded.
The zap hits the yak.
The yak is almost dead.
The yak bellows!
Casting: Shock (safe; 1% risk of failure)
Confirm with . or Enter, or press ? or * to list all spells.
Aiming: Shock (safe; 1% risk of failure)
Press: ? - help, Shift-Dir - straight line, f/p - yak
Aim: a yak (almost dead, wandering, blind, hasn't noticed you, 84% to hit)
Okay, then.
Casting: Shock (safe; 1% risk of failure)
Confirm with . or Enter, or press ? or * to list all spells.
Aiming: Airstrike (safe; 1% risk of failure)
Press: ? - help, Dir - move target, f/p - yak
Aim: a yak (almost dead, wandering, blind, hasn't noticed you, empty space bonus: 4/8)
You feel a surge of power!
The air twists around and strikes the yak.
You kill the yak!
A boulder beetle is nearby!
Aiming: Bolt of Light
Press: ? - help, Shift-Dir - straight line, f - boulder beetle
Aim: a boulder beetle (poison gas, 100% to hit)
The bolt of light hits the boulder beetle but does no damage.
The boulder beetle is blinded.
The boulder beetle is engulfed in poison gas.
The boulder beetle is poisoned.
It was a potion of attraction.
You feel attractive to monsters. The boulder beetle bites you!!
You die...

,*,*,,,,*,,**,*,*,**,*,*,,,,,*,*,
~*,*,..,#..#..§§..[#.###,*,,,***,
~*,*,,..#....##§..##..B.**8**,,,,
~*,*,,,.#..#.#§§.....###,,,*,***,
,*,*,,,,'..#.##§#?#.##)#,,,,,*,*,
**,*,,,,#..#....###.###.**,**,**,
,,,#,,,,#..####..○..####,*,*,***,
,,,#...,#○§#####B#######**,*****,
,,,#...*#☼§°§§§§@§°☼☼○○○,,,,,,,,,
####...##§§§#######§§###**,,,,,,,
........'...#######.#### ***,,***
........#...#######.#### **,,*
.[.....##...#######)#### *,,**
.......##...#######.####***,**
........'...............,,,,*
........#..........#####*****
........#.........**


You could see a boulder beetle (blind, poisoned).

Vanquished Creatures
  Grinder (D:5)
  Sigmund (D:2)
  Eustachio (D:5)
  2 wyverns
  6 yaks
  Menkaure (D:6)
  Duvessa (D:7)
  A water moccasin (D:8)
  2 black bears
  An ice beast (D:7)
  2 orc warriors (D:6)
  3 ogres
  2 centaurs
  2 phantoms (D:6)
  A kobold brigand (D:7)
  3 bullfrogs
  A gnoll sergeant (D:7)
  A scorpion (D:5)
  4 wights (D:8)
  Dowan (D:7)
  A howler monkey (D:8)
  2 electric eels (D:6)
  A hound (D:5)
  2 jellies (D:6)
  3 orc priests
  A gnoll bouda (D:3)
  A sleepcap (D:6)
  3 iguanas
  Terence (D:2)
  Ijyb (D:5)
  5 orc wizards
  10 gnolls
  8 adders
  A white imp (D:5)
  3 shadow imps
  A worm (D:3)
  20 orcs
  4 ball pythons
  4 bats
  2 endoplasms
  4 giant cockroaches
  5 goblins
  7 hobgoblins
  10 jackals
  3 quokkas
  A frilled lizard (D:2)
  5 kobolds
  5 rats
151 creatures vanquished.

Notes
Turn   | Place    | Note
-------+----------+-------------------------------------------
     0 | D:1      | Dawnplanks the Tengu Air Elementalist began the quest for
                  | the Orb.
     0 | D:1      | Reached XP level 1. HP: 10/10 MP: 4/4
   626 | D:2      | Reached XP level 2. HP: 15/15 MP: 1/6
   758 | D:2      | Reached XP level 3. HP: 10/19 MP: 0/7
  1280 | D:2      | Reached XP level 4. HP: 24/24 MP: 3/9
  1417 | D:2      | Noticed Sigmund
  1428 | D:2      | Killed Sigmund
  1429 | D:2      | Reached skill level 5 in Air Magic
  1429 | D:2      | Gained mutation: Your magical nature lets you fly swiftly
                  | and evasively. [Tengu growth]
  1429 | D:2      | Reached XP level 5. HP: 23/28 MP: 1/11
  1555 | D:2      | Noticed Terence
  1569 | D:2      | Killed Terence
  1570 | D:2      | Reached XP level 6. HP: 32/32 MP: 1/13
  2561 | D:3      | Reached skill level 6 in Air Magic
  2564 | D:3      | Learned a level 2 spell: Static Discharge
  2568 | D:3      | Learned a level 3 spell: Swiftness
  2864 | D:3      | Learned a level 4 spell: Airstrike
  2963 | D:4      | Noticed a black bear
  2970 | D:4      | Killed a black bear
  2971 | D:4      | Reached XP level 7. HP: 37/37 MP: 9/14
  3215 | D:4      | Found a runed translucent gate.
  3215 | D:4      | Found a runed translucent gate.
  3215 | D:4      | Found a runed translucent gate.
  3217 | D:4      | Identified the +3 mace of Jeeruiza {flame, rCorr}
  3218 | D:4      | Noticed centralandcovert's ghost (amateur TeRe)
  3300 | D:4      | Found Qaraurru's Weapon Shop.
  4158 | D:5      | Entered Level 5 of the Dungeon
  4164 | D:5      | Reached skill level 5 in Conjurations
  4245 | D:5      | Noticed Grinder
  4262 | D:5      | Killed Grinder
  4263 | D:5      | Reached skill level 1 in Fighting
  4263 | D:5      | Reached skill level 5 in Spellcasting
  4263 | D:5      | Reached skill level 7 in Air Magic
  4418 | D:5      | Noticed Ijyb
  4423 | D:5      | Killed Ijyb
  4424 | D:5      | Reached XP level 8. HP: 43/43 MP: 10/16
  4424 | D:5      | Noticed Eustachio
  4434 | D:5      | Killed Eustachio
  4666 | D:5      | Reached skill level 8 in Air Magic
  5316 | D:6      | Found a staircase to the Ecumenical Temple.
  5354 | Temple   | Entered the Ecumenical Temple
  5419 | D:6      | Reached skill level 9 in Air Magic
  5510 | D:6      | Found Ysaobitz's Antique Armour Boutique.
  5518 | D:6      | Bought a crude robe for 176 gold pieces
  5518 | D:6      | Identified the +0 robe "Fixa Lit" {Rampage rC++} (You
                  | bought it in a shop on level 6 of the Dungeon)
  5650 | D:6      | Reached XP level 9. HP: 47/47 MP: 15/19
  5863 | D:6      | Reached skill level 10 in Air Magic
  5928 | D:6      | Noticed Menkaure
  5930 | D:6      | Killed Menkaure
  6896 | D:6      | Found a hazy altar of Hepliaklqana.
  6896 | D:6      | Found a broken altar of Ashenzari.
  6902 | D:6      | Found a faded altar of an unknown god.
  6904 | D:6      | Found a glowing golden altar of the Shining One.
  6906 | D:6      | Found an iron altar of Okawaru.
  6953 | D:7      | Reached skill level 11 in Air Magic
  7154 | D:7      | Found an opulent altar of Gozag.
  7169 | D:7      | Noticed Dowan
  7171 | D:7      | Killed Dowan
  7172 | D:7      | Noticed Duvessa
  7180 | D:7      | Killed Duvessa
  7480 | D:7      | Found a transporter.
  7566 | D:7      | Noticed a gargoyle
  7567 | D:7      | Noticed Mango's ghost (novice FoFi)
  7796 | D:7      | Found a transporter.
  7910 | D:7      | Found a blossoming altar of Fedhas.
  7910 | D:7      | Found a burning altar of Makhleb.
  7912 | D:7      | Found a sacrificial altar of Ru.
  7913 | D:7      | Found an ancient bone altar of Kikubaaqudgha.
  8098 | D:8      | Reached XP level 10. HP: 52/52 MP: 6/23
  8202 | D:8      | Identified the ring "Jafol" {Dex+2 SInv}
  8270 | D:8      | Reached skill level 12 in Air Magic
  8303 | D:7      | HP: 1/52 [yak (12)]
  8684 | D:8      | Noticed a boulder beetle
  8694 | D:8      | Slain by a boulder beetle

Illustrated notes

Levels and vault maps discovered:
D:1:      wander_arrival_estate, layout_rooms, serial_bayou_lake_a
D:2:      layout_basic, kennysheep_boxes, uniq_terence, uniq_sigmund
D:3:      layout_basic
D:4:      layout_basic, biasface_ghost_orc_armoury, serial_shops,
          nicolae_shop_bloodbath_and_beyond
D:5:      layout_rooms, uniq_ijyb, uniq_eustachio, uniq_grinder
D:6:      layout_gridville, chequers_temple_overflow_minitemple,
          minmay_temple_entry_ruins, serial_shops, shop, st_stairs_7,
          nrook_pool_corridor, grunt_decor_clamped, serial_bayou_ford_a,
          abandoned_shop, uniq_menkaure
D:7:      layout_loops_cross, grunt_gozag_statues, mainiacjoe_overflow_alcove_3,
          nzn_ghost_randoct, uniq_duvessa
D:8:      layout_gridville, nicolae_uskayaw_suspiria, lemuel_tele_altar,
          minmay_the_grid_2x2 [minmay_the_grid_x, minmay_the_grid_large_cup,
          minmay_the_grid_small_cups, minmay_the_grid_prize_trominoes],
          uniq_grum
Temple:   nicolae_temple_stand_before_the_council

Skill      XL: |  1  2  3  4  5  6  7  8  9 10 |
---------------+-------------------------------+-----
Spellcasting   | 3 4 5 6 8 9 |  9.4
Conjurations   | 3 4 5 6 |  6.9
Air Magic      | 5 6 7 9 11 12 | 12.5
Dodging        | 3 |  3.7
Fighting       | 1 |  1.4
Staves         | |  0.3
Stealth        | |  2.0

Action                     |  1- 3 |  4- 6 |  7- 9 | 10-12 || total
---------------------------+-------+-------+-------+-------++-------
  Melee: Unarmed           |     3 |       |       |       ||     3
         Dagger            |     7 |     7 |    19 |       ||    33
         Kick              |     3 |     1 |     6 |     3 ||    13
         Peck              |     1 |       |     4 |     2 ||     7
         Staff             |       |       |       |     5 ||     5
   Cast: Shock             |    57 |    82 |   119 |    10 ||   268
         Static Discharge  |       |     1 |     9 |     6 ||    16
         Airstrike         |       |       |    54 |    10 ||    64
  Evoke: Wand              |       |       |       |     4 ||     4
    Use: Potion            |       |       |     1 |     1 ||     2
         Scroll            |       |       |       |     3 ||     3
 Armour: Robe              |     2 |     1 |     2 |     1 ||     6
  Dodge: Dodged            |    12 |    14 |    26 |    15 ||    67

Table legend: (Time is in decaauts)
 A = Elapsed time spent in this place.
 B = Non-inter-level travel time spent in this place.
 C = Inter-level travel time spent in this place.
 D = Time resting spent in this place.
 E = Time spent auto-exploring this place.
 F = Levels seen in this place.
 G = Mean time per level.
                   A        B        C        D        E       F      G
               +--------+--------+--------+--------+--------+-----+--------+
         Total |   8322 |   8111 |    211 |    174 |   7135 |   9 |  924.7 |
       Dungeon |   8300 |   8097 |    203 |    174 |   7126 |   8 | 1037.5 |
        Temple |     21 |     13 |      8 |      0 |      9 |   1 |   21.0 |
               +--------+--------+--------+--------+--------+-----+--------+

Top non-repeatable levels by time:
     D:6: 1634 daAuts
     D:2: 1347 daAuts
     D:7: 1233 daAuts
     D:4: 1099 daAuts
     D:5: 1002 daAuts
     D:3: 924 daAuts
     D:1: 623 daAuts
     D:8: 435 daAuts
  Temple: 21 daAuts
